 BcadrenCrawl: Boulder Brew version 0.05.21-81-gd28e3044bd (webtiles) character file.

Game seed: 17032551469240773673, levelgen mode: deterministic

436 theanonym the Chopper (level 6, 0/51 HPs) Mummified Minotaur. Began on Sept 6, 2021. Slain by a jelly (2 damage) ... on level 1 of the Dungeon. The game lasted 00:05:10 (2296 turns).

theanonym the Chopper (Minotaur Mummy)              Turns: 2296, Time: 00:05:10

Health: 0/51       AC:  0    Str: 17    XL:     6 ^: 109
Magic:  7/7        EV: 11    Int: 17    God:
Gold:   21         SH:  0    Dex:  5    Spells: 10/11 levels left

rFire    x . .     Vision   .   a - +0 hatchet
rCold    + . .     Gourm    .   (no weapon)
rNeg     + + +     Faith    .   c - +0 ring mail (curse) {(Curse: -Cast)}
rCorr    . . .     Spirit   .   (helmet restricted)
rPois    ∞         Reflect  .   d - +1 cloak
rElec    .         Harm     .   (no gloves)
MR       .....     NoCast   +   (no boots)
Stlth    +.........             (no amulet)
HPRegen  0.27/turn              (no ring)
MPRegen  0.17/turn              (no ring)

@: corroded
A: horns, retaliatory headbutt 2, cold resistance 1, negative energy resistance
3, torment resistance, unbreathing, heat vulnerability 1, in touch with death 1,
ancient wisdom
a: no special abilities


Innate Abilities, Weirdness & Mutations

You are immune to poison.
You reflexively attack those that strike you in melee with your horns.
You are cold resistant. (rC+)
You are immune to negative energy. (rN+++)
You are immune to unholy pain and torment.
You can survive without breathing.
You are vulnerable to heat. (rF-)
You are in touch with the powers of death.
You can memorise 50% more levels worth of spells.
You gain random stats at level up more slowly, but gain an extra +1 intelligence each time.


   Skills:
 + Level 3.1 Fighting
 * Level 5.5 Axes & Hammers
 + Level 3.1 Armour
 - Level 3.2 Dodging
 - Level 1.5 Stealth
 - Level 1.4 Spellcasting
 - Level 2.1 Necromancy


You had 10 spell levels left.
You knew the following spells:

 Your Spells              Type           Power        Failure   Level  Hunger
a - Pain                  Hex/Necr       7 (25)       17%         1    N/A

Your spell library contained the following spells:

 Spells                   Type           Power        Failure   Level  Hunger
 Vampiric Draining        Necr           12 (200)     32%         3    N/A
 Pryten's Skeletal Upris  Chrm/Necr      7 (200)      45%         3    N/A
 Animate Dead             Necr           N/A          73%         4    N/A
 Regeneration             Chrm/Necr      Unusable     N/A         3    N/A

Skill      XL: |  1  2  3  4  5  6 |
---------------+-------------------+-----
Axes & Hammers | 3 4 5 |  5.5
Fighting       | 1 2 3 |  3.1
Armour         | 1 2 3 |  3.1
Dodging        | |  3.2
Stealth        | |  1.5
Spellcasting   | |  1.4
Necromancy     | |  2.1

Action                   |  1- 3 |  4- 6 || total
-------------------------+-------+-------++-------
Melee: Hatchet           |   129 |   350 ||   479
       Unarmed           |   122 |   333 ||   455
       Headbutt          |       |    20 ||    20
  Use: Scroll            |       |     1 ||     1
Armor: Leather armour    |    28 |       ||    28
       Ring mail         |    41 |   165 ||   206
Dodge: Dodged            |   119 |   298 ||   417

Inventory:

Weapons
 a - a +0 hatchet (weapon)
Armour
 c - a cursed +0 ring mail (worn) {(Curse: -Cast)}
 d - a +1 cloak (worn)
Scrolls
 b - a scroll of enchantment
 f - a scroll of fog
 y - a scroll of magic mapping


You were on level 1 of the Dungeon.
You were not hungry.

You visited 1 branch of the dungeon, and saw 2 of its levels.

You collected 21 gold pieces.

Dungeon Overview and Level Annotations

Branches:
Dungeon (2/8)

Altars:

#.........# #.# #.........# #.#
######## #.........# #.# #......#
..........# #.####......###
...######## #.#..+.........
...################.#.##.%....###
...'...........JJ................
...###############....##...######
.!.).........)..@J...[.+.........
.####........)####....##....#####
.# #........................# .#
#...................#.#..# .#
#.....................#..# .#
#...................###..## ##
#...................###...#
#.........########....#.#.##
#.........# #....#.#..#


You could see a jelly.

Notes
Turn   | Place    | Note
-------+----------+-------------------------------------------
     0 | D:1      | theanonym the Minotaur Mummy began the quest for the Orb.
     0 | D:1      | Reached XP level 1. HP: 14/14 MP: 1/1
    42 | D:1      | HP: 7/14 [leopard gecko (1)]
    43 | D:1      | HP: 3/14 [leopard gecko (4)]
   134 | D:1      | Reached XP level 2. HP: 22/22 MP: 3/3
   156 | D:1      | Reached skill level 3 in Axes & Hammers
   157 | D:1      | HP: 11/22 [cinder newt (2)]
   162 | D:1      | Reached skill level 1 in Fighting
   162 | D:1      | Reached skill level 1 in Armour
   309 | D:1      | HP: 11/23 [ball python (1)]
   394 | D:1      | Reached XP level 3. HP: 28/28 MP: 4/4
   682 | D:1      | Reached XP level 4. HP: 33/35 MP: 5/5
   713 | D:1      | HP: 16/35 [goblin/+0 club (2)]
   719 | D:1      | HP: 16/35 [cinder newt (1)]
   728 | D:1      | HP: 17/36 [dart slug (1)]
   999 | D:1      | Reached skill level 4 in Axes & Hammers
  1307 | D:2      | Noticed a big kobold
  1321 | D:1      | Reached skill level 2 in Fighting
  1321 | D:1      | Reached skill level 2 in Armour
  1423 | D:2      | Reached XP level 5. HP: 41/41 MP: 6/6
  1572 | D:1      | HP: 21/42 [sewer rat (1)]
  1580 | D:1      | HP: 19/42 [giant cockroach (2)]
  1722 | D:1      | Reached skill level 5 in Axes & Hammers
  1722 | D:1      | Reached XP level 6. HP: 41/50 MP: 7/7
  1786 | D:1      | HP: 24/50 [sewer rat (5)]
  1800 | D:1      | HP: 22/50 [sewer rat (2)]
  1806 | D:1      | HP: 19/50 [sewer rat (4)]
  2034 | D:1      | HP: 24/50 [sewer rat (5)]
  2036 | D:1      | Reached skill level 3 in Fighting
  2036 | D:1      | Reached skill level 3 in Armour
  2293 | D:1      | HP: 20/51 [acid (7)]
  2296 | D:1      | HP: 6/51 [acid (5)]
  2296 | D:1      | HP: 2/51 [acid (4)]
  2296 | D:1      | Slain by a jelly

Vanquished Creatures
  8 giant cockroaches
  An adder (D:1)
  17 sewer rats (D:1)
  9 cinder newts (D:1)
  6 oozes (D:1)
  5 dart slugs (D:1)
  2 leopard geckos (D:1)
  A ball python (D:1)
  5 goblins (D:1)
  3 hobgoblins (D:1)
  4 kobolds (D:1)
  8 bats
  A bat skeleton (D:2)
  7 rats (D:1)
77 creatures vanquished.

Vanquished Creatures (others)
  11 withered plants (D:2)
11 creatures vanquished.

Grand Total: 88 creatures vanquished

Table legend:
 A = Turns spent in this place as a percentage of turns spent in the entire game.
 B = Non-inter-level travel turns spent in this place as a percentage of non-inter-level travel turns spent in the entire game.
 C = Inter-level travel turns spent in this place as a percentage of turns spent in this place.
 D = Turns resting spent in this place as a percentage of non-inter-level travel turns spent in this place.
 E = Turns spent auto-exploring this place as a percentage of non-inter-level travel turns spent in this place.
 F = Non-inter-level travel turns spent in this place divided by the number of levels of this place that you've seen.
                   A       B       C       D       E      F
               +-------+-------+-------+-------+-------+----------------------
         Total | 100.0 | 100.0 |   6.1 |  36.0 |  27.4 | 1077.5
       Dungeon | 100.0 | 100.0 |   6.1 |  36.0 |  27.4 | 1077.5
               +-------+-------+-------+-------+-------+----------------------
